Map: Blackpink LE

Players

Starlord - Winner!

  • Race: Terran Terran
  • League: Master
  • Spawn Location: 7:00

nOtoRioUsPiG

  • Race: Terran Terran
  • League: Master
  • Spawn Location: 1:00

VOD

Have the link to the VOD?

Description

Time

  • Played on: Jan. 23, 2018, 8:36 p.m.
  • Length: 4:50
Show
View Real Time Build Order
Export as new Build Order

Starlord Terran - Winner!

Build Orders: 1/1/1, Cyclone Opening 

Get SALT Encoding   

  12  0:00  SCV  
  13  0:13  SCV  
  14  0:17  Supply Depot  
  14  0:25  SCV  
  14  0:28  Refinery  
  15  0:39  SCV  
  16  0:45  Barracks  
  16  0:51  SCV  
  17  1:00  Refinery  
  17  1:03  SCV  
  18  1:15  SCV  
  19  1:31  Orbital Command  
  19  1:32  Reaper  
  20  1:36  Factory  
  20  1:44  Supply Depot  
  20  1:59  SCV  
  21  2:04  Reaper  
  22  2:11  SCV  
  23  2:19  Starport  
  23  2:22  Hellion  
  25  2:28  Supply Depot  
  25  2:37  SCV  
  25  2:42  Marine  
  25  2:43  Cyclone  
  30  2:46  Liberator  
  30  2:53  Supply Depot  
  29  3:04  SCV  
  33  3:07  Marine  
  34  3:16  SCV  
  33  3:21  Cyclone  
  36  3:36  SCV  
  36  3:41  Command Center  
  37  3:53  Viking  
  38  4:06  SCV  
  38  4:09  Supply Depot  
  39  4:18  SCV  
  39  4:20  Barracks x2  
  37  4:36  SCV  
  39  4:39  Factory Tech Lab, Barracks Tech Lab  
  39  4:41  Engineering Bay  
Show
View Real Time Build Order
Export as new Build Order

nOtoRioUsPiG Terran 

Build Orders: 1/1/1, Cyclone Opening 

Get SALT Encoding   

  12  0:01  SCV  
  13  0:13  SCV  
  14  0:17  Supply Depot  
  14  0:25  SCV  
  14  0:28  Refinery  
  15  0:39  SCV  
  16  0:45  Barracks  
  16  0:51  SCV  
  16  0:56  Refinery  
  17  1:03  SCV  
  18  1:15  SCV  
  19  1:32  Reaper, Orbital Command  
  20  1:35  Factory  
  20  1:44  Supply Depot  
  20  1:58  SCV  
  21  2:04  Reaper  
  22  2:10  SCV  
  23  2:21  Cyclone  
  23  2:22  SCV, Starport  
  27  2:32  Supply Depot  
  27  2:34  SCV  
  27  2:36  Barracks Tech Lab  
  28  2:46  SCV  
  29  2:53  Hellion  
  29  3:13  Command Center  
  29  3:14  Cloaking Field  
  29  3:20  Barracks Reactor  
  29  3:22  Banshee  
  29  3:25  SCV  
  33  3:28  Factory Tech Lab  
  33  3:35  Supply Depot  
  33  3:38  SCV  
  34  3:56  Marine x2  
  34  3:57  Siege Tank  
Tags
 
Add a new tag
Caveats
  • Supply blocks, unpowered buildings, or Contaminate may cause inaccurate times.
  • Supply counts are checked every 10 seconds.